 Dungeon Crawl Stone Soup version 0.28.0-53-g5a82cb258f (webtiles) character file.

Game seed: 14403868783851674137

899 Sin92 the Skirmisher (level 7, -2/55 HPs)
             Began as a Demonspawn Fighter on July 28, 2022.
             Slain by Duvessa
             ... wielding a +0 short sword
              (7 damage)
             ... on level 5 of the Dungeon.
             The game lasted 00:07:16 (5492 turns).

Sin92 the Skirmisher (Demonspawn Fighter)           Turns: 5492, Time: 00:07:18

Health: -2/55      AC:  9    Str: 19    XL:     7   Next: 79%
Magic:  7/7        EV:  9    Int:  9    God:
Gold:   95         SH:  5    Dex: 14    Spells: 6/6 levels left

rFire   + . .      SeeInvis .   f - +2 whip (flame)
rCold   . . .      Faith    .   c - +0 buckler
rNeg    . . .      Spirit   .   b - +1 scale mail
rPois   .          Reflect  .   (helmet restricted)
rElec   .          Harm     .   g - +0 cloak
rCorr   .          Rampage  .   (no gloves)
Will    .....                   (no boots)
Stlth   ..........              (no amulet)
HPRegen 0.18/turn               (no ring)
MPRegen 0.10/turn               (no ring)

@: invisible
A: antennae 1, ignite blood 1, demonic magic 1, agile 1, fire resistance 1, wild
magic 1
a: no special abilities


You were on level 5 of the Dungeon.
You visited 1 branch of the dungeon, and saw 5 of its levels.
You also visited: Sewer.

You collected 95 gold pieces.

Inventory:

Hand Weapons
 a - a +0 war axe
 f - a +2 whip of flaming (weapon)
Armour
 b - a +1 scale mail (worn)
 c - a +0 buckler (worn)
 g - a +0 cloak (worn)
Scrolls
 e - 5 scrolls of identify
 h - 3 scrolls of enchant armour
 j - 2 scrolls of torment
 k - 2 scrolls of brand weapon {unknown}
 l - a scroll of enchant weapon {unknown}
 m - a scroll of summoning {unknown}
 p - a scroll of magic mapping {unknown}
 t - a scroll of amnesia {unknown}
Potions
 d - 2 potions of lignification {unknown}
 i - 3 potions of haste
 q - a potion of mutation
 r - a potion of heal wounds {unknown}
 s - a potion of curing


   Skills:
 + Level 4.9 Fighting
 - Level 4.1(4.7) Axes
 * Level 3.1(4.2) Maces & Flails
 + Level 4.4 Armour
 + Level 4.5 Shields


You had 6 spell levels left.
You didn't know any spells.
Your spell library contained the following spells:

 Spells                   Type           Power      Damage    Failure   Level
 Corpse Rot               Necr/Air       0%         N/A       95%         2
 Poisonous Vapours        Pois/Air       0%         N/A       95%         2


Dungeon Overview and Level Annotations

Branches:
Dungeon (5/15)             Temple (0/1) D:5           Sewer (visited)

Altars:
Qazlal
Sif Muna
Trog
The Shining One

Annotations:
D:5 Dowan, Duvessa


Innate Abilities, Weirdness & Mutations

You have a pair of small antennae on your head.
Your demonic aura sometimes causes spilled blood to erupt in flames.
Spells you cast may paralyse adjacent enemies.
You are agile. (Dex +2)
Your flesh is heat resistant. (rF+)
Your spells are a little harder to cast, but a little more powerful.


Message History

Duvessa closely misses you.
You barely miss Duvessa.
Duvessa is severely wounded.
Duvessa says, "Did you see that move?
Perfect!"
Duvessa barely misses you. Duvessa hits you with a +0 short sword.
* * * LOW HITPOINT WARNING * * *
You barely miss Duvessa.
Duvessa is severely wounded.
Duvessa closely misses you.
You completely miss Duvessa.
Duvessa is severely wounded.
Duvessa hits you but does no damage. x2
The orc priest miscasts a cantrip.
You hit Duvessa but do no damage.
Duvessa is severely wounded.
Duvessa barely misses you.
You barely miss Duvessa.
Duvessa is severely wounded.
You block Duvessa's attack. Duvessa hits you with a +0 short sword.
* * * LOW HITPOINT WARNING * * *
You hit Duvessa. You burn Duvessa.
Duvessa is severely wounded.
Duvessa closely misses you.
Unknown command.
It was a potion of magic.
Magic courses through your body. Duvessa hits you with a +0 short sword.
* * * LOW HITPOINT WARNING * * *
Duvessa barely misses you.
It was a potion of invisibility.
You fade into invisibility!
Duvessa hits you with a +0 short sword.
* * * LOW HITPOINT WARNING * * *
It was a potion of mutation.
You feel extremely strange.
You feel agile.
You feel resistant to heat.
You feel less in control of your magic. Duvessa barely misses you.
Dowan points at you and mumbles some strange words.
The orc priest resists with some effort.
Duvessa hits you with a +0 short sword!
You die...

.## ..# ### ..# ..# #.# ..#
#e# ... #o# ..# #e# ..# #@#
..# #####.####### ..#
#...........# ###
#.#.#.#.###.# ###.#.#...>.#.#
#.....###.#.#.# #
########[#.#....##.#.#
###...............##.#.#
.##.###.##.#.#.##.##.#.######


You could see Duvessa (fast), Dowan and an orc priest.

Vanquished Creatures
  Grinder (D:3)
  Pargi (Sewer)
  An ogre (D:5)
  A phantom (D:4)
  2 scorpions
  An orc priest (D:5)
  Jessica (D:2)
  3 iguanas (D:4)
  4 gnolls (D:3)
  7 adders
  An ufetubus (D:5)
  2 dart slugs (D:1)
  8 orcs
  7 ball pythons
  7 endoplasms
  5 giant cockroaches
  6 goblins
  5 hobgoblins
  6 jackals (D:1)
  3 quokkas
  6 bats
  6 frilled lizards
  5 kobolds
  4 rats
  A spectral kobold (D:2)
94 creatures vanquished.

Notes
Turn   | Place    | Note
-------+----------+-------------------------------------------
     0 | D:1      | Sin92 the Demonspawn Fighter began the quest for the Orb.
     0 | D:1      | Reached XP level 1. HP: 18/18 MP: 1/1
    65 | D:1      | Gained mutation: You have a pair of small antennae on your
                  | head. [demonic ancestry]
    65 | D:1      | Reached XP level 2. HP: 15/24 MP: 2/2
   441 | D:1      | You fall into a shaft and drop 1 floor!
   456 | D:2      | Noticed a scorpion
   462 | D:2      | Killed a scorpion
   463 | D:2      | Reached XP level 3. HP: 21/29 MP: 3/3
   463 | D:2      | Gained mutation: Your demonic aura sometimes causes spilled
                  | blood to erupt in flames. [demonic ancestry]
   463 | D:2      | Reached XP level 4. HP: 26/35 MP: 4/4
  1034 | D:2      | Found a faded altar of an unknown god.
  1163 | D:2      | Noticed Jessica
  1166 | D:2      | Killed Jessica
  1650 | D:3      | Noticed Grinder
  1655 | D:3      | Paralysed by Grinder for 6 turns
  1663 | D:3      | Killed Grinder
  1664 | D:3      | Reached XP level 5. HP: 5/42 MP: 5/5
  1664 | D:3      | Reached XP level 6. HP: 5/48 MP: 6/6
  3160 | D:4      | Reached skill level 1 in Maces & Flails
  3550 | D:4      | Gained mutation: Spells you cast may paralyse adjacent
                  | enemies. [demonic ancestry]
  3550 | D:4      | Reached XP level 7. HP: 29/55 MP: 7/7
  3949 | D:4      | Found a bloodstained altar of Trog.
  3973 | D:4      | Found a stormy altar of Qazlal.
  3973 | D:4      | Found a shimmering blue altar of Sif Muna.
  4184 | D:4      | Identified the +0 scale mail of the Tarantula {Int+2}
  4621 | D:5      | Entered Level 5 of the Dungeon
  4775 | D:5      | Found a staircase to the Ecumenical Temple.
  4928 | D:5      | Found a glowing drain.
  4941 | Sewer    | Entered a sewer
  5084 | Sewer    | Noticed Pargi
  5101 | Sewer    | Killed Pargi
  5467 | D:5      | Noticed Dowan
  5467 | D:5      | Noticed Duvessa
  5492 | D:5      | Gained mutation: You are agile. (Dex +2) [potion of
                  | mutation]
  5492 | D:5      | Gained mutation: Your flesh is heat resistant. (rF+)
                  | [potion of mutation]
  5492 | D:5      | Gained mutation: Your spells are a little harder to cast,
                  | but a little more powerful. [potion of mutation]
  5492 | D:5      | Slain by Duvessa

Illustrated notes

Levels and vault maps discovered:
D:1:      arrival_zaba_pyramid, layout_basic
D:2:      layout_loops_ring, dreamdust_ecumenical_altar_drowned_temple,
          uniq_jessica
D:3:      layout_basic, minmay_box_of_dots, uniq_grinder
D:4:      layout_layer_cave, chequers_temple_overflow_statue_of_worship,
          mainiacjoe_overflow_alcove_1, chequers_serial_rivers_micro_a
D:5:      layout_loops_ring, marbit_many_paths, temple_fountains,
          portal_sewer_entry_d, uniq_duvessa

Skill      XL: |  1  2  3  4  5  6  7 |
---------------+----------------------+-----
Axes           | 2 4 |  4.1
Armour         | 3 4 |  4.4
Shields        | 3 4 |  4.5
Fighting       | 4 |  4.9
Maces & Flails | 1 3 |  3.1

Action                   |  1- 3 |  4- 6 |  7- 9 || total
-------------------------+-------+-------+-------++-------
Melee: War axe           |    50 |    81 |       ||   131
       Whip              |       |    67 |   103 ||   170
  Use: Scroll            |       |     5 |     1 ||     6
       Potion            |       |     2 |     3 ||     5
Armor: Scale mail        |    37 |    77 |    46 ||   160
Dodge: Dodged            |    34 |    74 |    49 ||   157
Block: Buckler           |    16 |    32 |    29 ||    77
